 Dungeon Crawl Stone Soup version 0.27-a0-1193-g8631133539 (webtiles) character file.

Game seed: 8142676959312631855

16 robertstho the Skirmisher (level 2, -1/39 HPs)
             Began as a Draconian Berserker on May 26, 2021.
             Was a Follower of Trog.
             Shot with a stone by a goblin (3 damage)
             ... on level 2 of the Dungeon.
             The game lasted 00:00:39 (772 turns).

robertstho the Skirmisher (Draconian Berserker)      Turns: 772, Time: 00:00:39

Health: -1/39      AC:  4    Str: 19    XL:     2   Next: 37%
Magic:  2/2        EV:  7    Int:  7    God:    Trog [*.....]
Gold:   15         SH: 11    Dex: 10    Spells: 1/1 levels left

rFire    . . .     SeeInvis .   a - +0 hand axe
rCold    . . .     Faith    .   b - +0 tower shield
rNeg     . . .     Spirit   .   (armour unavailable)
rPois    .         Reflect  .   (helmet restricted)
rElec    .         Harm     .   (no cloak)
rCorr    .         Rampage  .   (no gloves)
Will     .....                  (no boots)
Stlth    ..........             (no amulet)
HPRegen  0.13/turn              (no ring)
MPRegen  0.08/turn              (no ring)

@: berserking (expiring), lethally poisoned (-1 -> -5), very quick
A: AC +4, unfitting armour, cold-blooded
a: Renounce Religion, Berserk


You were on level 2 of the Dungeon.
You worshipped Trog.
Trog was aware of your devotion.
You visited 1 branch of the dungeon, and saw 2 of its levels.

You collected 15 gold pieces.

Inventory:

Hand Weapons
 a - a +0 hand axe (weapon)
Armour
 b - a +0 tower shield (worn)
Scrolls
 c - a scroll of blinking {unknown}


   Skills:
 * Level 3.5 Fighting
 + Level 3.1 Axes
 * Level 3.1 Dodging


You had one spell level left.
You didn't know any spells.
Your spell library was empty.

Dungeon Overview and Level Annotations

Branches:
Dungeon (2/15)

Altars:


Innate Abilities, Weirdness & Mutations

Your plain brown scales are hard. (AC +4)
You cannot fit into any form of body armour.
You are cold-blooded and may be slowed by cold attacks.


Message History

You miss the adder.
You feel sick. You block the adder's attack.
The goblin shoots a stone.
You block the stone. The adder bites you but does no damage.
The goblin shoots a stone.
The stone hits you but does no damage. The adder bites you.
You are more poisoned.
The adder poisons you!
You are too injured to fight recklessly!
You are too injured to fight recklessly!
You are too injured to fight recklessly!
A red film seems to cover your vision as you go berserk!
You feel yourself moving faster!
You feel mighty!
You feel sick.
The goblin shoots a stone.
You block the stone. The adder bites you.
* * * LOW HITPOINT WARNING * * *
You slash the adder!
Your tail-slap misses the adder.
The adder is severely wounded.
You feel sick. You block the adder's attack.
The goblin shoots a stone.
The stone closely misses you.
Your shield prevents you from hitting the adder.
Your tail-slap misses the adder.
The adder is severely wounded.
You feel sick. The adder bites you but does no damage.
The goblin shoots a stone.
You block the stone. You block the adder's attack.
You miss the adder.
The adder is severely wounded.
You feel sick.
The goblin shoots a stone.
You block the stone. The adder bites you.
* * * LOW HITPOINT WARNING * * *
You closely miss the adder.
The adder is severely wounded.
You feel sick. You block the adder's attack.
The goblin shoots a stone.
The stone hits you but does no damage. The adder bites you.
* * * LOW HITPOINT WARNING * * *
You are lethally poisoned!
The adder poisons you!
You miss the adder.
Your tail-slap misses the adder.
The adder is severely wounded.
* * * LOW HITPOINT WARNING * * *
You feel sick.
The goblin shoots a stone.
You block the stone. You block the adder's attack.
The goblin shoots a stone.
The stone hits you.
You die...

######
#.....#
##..g....
#...[....
#........
#<.......
#@.......
#†S......
#........
#........
.........
.........
#........
##.......


You could see an adder and a goblin.

Vanquished Creatures
  An endoplasm (D:1)
  A hobgoblin (D:1)
  3 jackals (D:1)
  A ball python (D:1)
  2 bats (D:1)
  3 frilled lizards
  3 goblins (D:1)
  2 rats
16 creatures vanquished.

Notes
Turn   | Place    | Note
-------+----------+-------------------------------------------
     0 | D:1      | robertstho the Draconian Berserker began the quest for the
                  | Orb.
     0 | D:1      | Reached XP level 1. HP: 19/19 MP: 1/1
   291 | D:1      | Reached XP level 2. HP: 23/26 MP: 2/2
   772 | D:2      | Shot with a stone by a goblin

Illustrated notes

Levels and vault maps discovered:
D:1:      dpeg_arrival_tiny_d, layout_loops_cross
D:2:      layout_rooms

Skill      XL: |  1  2 |
---------------+-------+-----
Dodging        | 3 |  3.1
Fighting       | |  3.5
Axes           | |  3.1

Action                   || total
-------------------------++-------
Melee: Hand axe          ||    41
       Tailslap          ||     1
Invok: Berserk           ||     1
 Stab: Sleeping          ||     1
Armor: Skin              ||    16
Dodge: Dodged            ||    19
Block: Tower shield      ||    23

Table legend: (Time is in decaauts)
 A = Elapsed time spent in this place.
 B = Non-inter-level travel time spent in this place.
 C = Inter-level travel time spent in this place.
 D = Time resting spent in this place.
 E = Time spent auto-exploring this place.
 F = Levels seen in this place.
 G = Mean time per level.
                   A        B        C        D        E       F      G
               +--------+--------+--------+--------+--------+-----+--------+
         Total |    791 |    761 |     30 |      0 |    640 |   2 |  395.5 |
       Dungeon |    791 |    761 |     30 |      0 |    640 |   2 |  395.5 |
               +--------+--------+--------+--------+--------+-----+--------+

Top non-repeatable levels by time:
     D:1: 778 daAuts
     D:2: 13 daAuts
